Arty & Blob vs Arty & Blob

Match 31499697
End
Kettenkrad Recon Vehicle
Construct Infanterie Kompanie
MG 42 Machine Gun Team
Grenadier Squad
Grenadier Squad
MG 42 Bunker
GrW 34 Mortar Team
Construct Panzergrenadier Kompanie
251 Medium Carrier
Pioneer Squad
Panzergrenadier Squad
Pioneer Squad
Pak 40 Anti-tank Gun Team
Construct Panzer Kompanie
MG 42 Bunker
MG 42 Bunker
Panzer IV Medium Tank
MG 42 Bunker
Panzer IV Medium Tank
Selects Italian Coastal Battlegroup
Selects Coastal Reserves
Selects Artillery Officer
Selects Obice da 210/22 Artillery Emplacement
Selects Support Bunkers
Selects Rapid Fortifications
Selects Support Bunkers
Selects Designated Artillery Overwatch
Selects Bulwark
Designated Artillery Overwatch
Pioneer Squad
Forward Retreat Point
Designated Artillery Overwatch
oberlet
KuckMuck
moohey
L1mbo
Turp175
BigDog
★Snowman★
MoriMusic
0
0

Comments sign in to comment!

No comments posted yet!